 Dungeon Crawl Stone Soup version 0.16-a0-3211-g52b77fd (webtiles) character file.

85 Fiveotanaka the Digger (level 4, -3/24 HPs)
             Began as a Gargoyle Earth Elementalist on Dec 20, 2014.
             Slain by a wyvern skeleton (5 damage)
             ... on level 2 of the Dungeon.
             The game lasted 00:06:49 (1787 turns).

Fiveotanaka the Digger (GrEE)                       Turns: 1787, Time: 00:06:49

Health: -3/24      AC:  5    Str: 11    XL:     4   Next: 48%
Magic:  7/7        EV: 12    Int: 17    God:
Gold:   86         SH:  0    Dex: 10    Spells: 2 memorised, 3 levels left

rFire  . . .     SeeInvis .     g - +1 whip
rCold  . . .     Clarity  .     c - +0 robe
rNeg   + . .     SustAb   .     (no shield)
rPois  ∞         Gourm    .     (no helmet)
rElec  +         Spirit   .     (no cloak)
rCorr  +         Warding  .     (no gloves)
rMut   .         Stasis   .     (no boots)
MR     .....                    f - amulet of resist corrosion
Stlth  +++.......               (no ring)
                                n - ring of stealth

@: not resistant to hostile enchantments, fairly stealthy
A: negative energy resistance 1, electricity resistance, unbreathing,
petrification resistance, rot immunity, AC +3
a: no special abilities


You were on level 2 of the Dungeon.
You were not hungry.

You visited 1 branch of the dungeon, and saw 2 of its levels.

You collected 86 gold pieces.

Inventory:

Hand weapons
 g - a +1 whip (weapon)
Missiles
 b - 96 stones (quivered)
Armour
 c - a +0 robe (worn)
Jewellery
 f - an amulet of resist corrosion (around neck)
 n - a ring of stealth (left hand)
Scrolls
 e - a scroll of random uselessness {unknown}
 h - 3 scrolls of identify {unknown}
 i - 2 scrolls of enchant weapon
 l - a scroll of fog {unknown}
 m - a scroll of magic mapping {unknown}
 o - a scroll of blinking {unknown}
 q - a scroll of remove curse {unknown}
Potions
 p - 2 potions of haste {unknown}
Books
 d - a book of Geomancy

   Spells                             Type                      Level
   a - Sandblast                      Earth                        1
   b - Stoneskin                      Transmutation/Earth          2
   c - Passwall                       Transmutation/Earth          3
   d - Stone Arrow                    Conjuration/Earth            3
   e - Petrify                        Transmutation/Earth          4
   f - Lee's Rapid Deconstruction     Earth                        5
 r - a book of the Warp

   Spells                             Type                      Level
   a - Recall                         Summoning/Translocation      3
   b - Control Teleport               Charms/Translocation         4
   c - Force Lance                    Conjuration/Translocation    4
   d - Phase Shift                    Translocation                5
   e - Warp Weapon                    Charms/Translocation         5
   f - Summon Forest                  Summoning/Translocation      5
   g - Gell's Gravitas                Hexes/Translocation          6
Comestibles
 a - 4 bread rations
 j - 3 chunks of flesh
 k - 2 fruits


   Skills:
 - Level 1.5 Dodging
 - Level 2.1 Stealth
 - Level 2.0 Spellcasting
   Level 0.7 Transmutations
 + Level 6.1 Earth Magic


You had 3 spell levels left.
You knew the following spells:

 Your Spells              Type           Power        Failure   Level  Hunger
a - Sandblast             Erth           ###...       1%          1    #......
b - Stone Arrow           Conj/Erth      ##....       17%         3    ###....


Dungeon Overview and Level Annotations

Branches:
Dungeon (2/15)

Altars:
Dithmenos
Nemelex Xobeh


Innate Abilities, Weirdness & Mutations

You are resistant to torment.
You are immune to poison.
Your stone body is very resilient (AC +3).
You resist negative energy.
You are resistant to electric shocks.
You can survive without breathing.
You are immune to petrification.
You are immune to rotting.


Message History

Some of the chunks of flesh in your inventory have rotted away.
A wyvern skeleton comes into view.
You see here a hand axe.
Casting: Sandblast
Confirm with . or Enter, or press ? or * to list all spells.
You can't see any susceptible monsters within range! (Use Z to cast anyway.)
You see here a hand axe.
You see here a ring mail.
The wyvern skeleton bites you. The wyvern skeleton bites you.
There is a stone staircase leading down here.
Read which item? (? for menu, Esc to quit)
As you read the scroll labeled GOUGRA MYFUSTA, it crumbles to dust.
It is a scroll of enchant weapon.
Enchant which weapon? (? for menu, Esc to quit)
Your +0 whip glows red for a moment.
The wyvern skeleton bites you!
Ouch! That really hurt!
* * * LOW HITPOINT WARNING * * *
The wyvern skeleton bites you.
You die...

.
#...###.............
#...............####
####
#......#...###......
.... ###.....[..#
######. ####
#........# #.
##.......# #.
###.....## #.
#>Z....## #.
#@###### #. #.# #.
#.# #. #.# ######.
#.# #...... #.#
#.####. #.# #.# #.
#.##########.# #.
#.........(..# #.


You could see a wyvern skeleton.

Vanquished Creatures
  3 adders (D:2)
  A giant mite (D:2)
  An ooze (D:2)
  A ball python (D:2)
  5 bats
  8 giant cockroaches
  3 hobgoblins (D:1)
  6 kobolds
  3 giant newts
  10 goblins
  8 rats
49 creatures vanquished.

Notes
Turn   | Place    | Note
--------------------------------------------------------------
     0 | D:1      | Fiveotanaka, the Gargoyle Earth Elementalist, began the quest for the Orb.
     0 | D:1      | Reached XP level 1. HP: 10/10 MP: 3/3
   158 | D:1      | Reached skill level 4 in Earth Magic
   204 | D:1      | Reached XP level 2. HP: 15/15 MP: 1/4
   661 | D:1      | Reached XP level 3. HP: 19/19 MP: 4/6
   690 | D:1      | Reached skill level 5 in Earth Magic
   942 | D:2      | Learned a level 3 spell: Stone Arrow
  1297 | D:2      | Reached XP level 4. HP: 24/24 MP: 7/7
  1410 | D:2      | Reached skill level 6 in Earth Magic
  1522 | D:2      | Found a sparkling altar of Nemelex Xobeh.
  1612 | D:2      | Found a shadowy altar of Dithmenos.
  1787 | D:2      | Slain by a wyvern skeleton

Action                   |  1- 3 |  4- 6 || total
-------------------------+-------+-------++-------
Melee: Unarmed           |    27 |       ||    27
       Whip              |    52 |     5 ||    57
 Cast: Sandblast         |    49 |    22 ||    71
  Use: Scroll            |       |     1 ||     1
 Stab: Sleeping          |     1 |     1 ||     2
  Eat: Chunk             |     2 |     2 ||     4
